 Dungeon Crawl Stone Soup version 0.18.1-6-gd335043 (webtiles) character file.

10367 Moloch the Impaler (level 11, -1/97 HPs)
             Began as a Hill Orc Fighter on May 19, 2016.
             Was a High Priest of Beogh.
             Slain by Snorg (15 damage)
             ... on level 11 of the Dungeon.
             The game lasted 00:25:39 (13195 turns).

Moloch the Impaler (Hill Orc Fighter)              Turns: 13195, Time: 00:25:41

Health: -1/97      AC: 17    Str: 23    XL:     11   Next: 61%
Magic:  11/11      EV:  5    Int:  8    God:    Beogh [*****.]
Gold:   1923       SH: 11    Dex: 10    Spells: 0 memorised, 10 levels left

rFire  . . .     SeeInvis .     a - +1 trident
rCold  . . .     Gourm    .     I - +0 plate armour
rNeg   . . .     Faith    .     c - +0 shield
rPois  .         Spirit   .     N - +2 hat
rElec  .         Dismiss  .     w - +0 cloak
rCorr  .         Reflect  .     (no gloves)
SustAt .         Harm     .     (no boots)
MR     +....                    (no amulet)
Stlth  ..........               (no ring)
                                (no ring)

@: somewhat resistant to hostile enchantments, extremely unstealthy
A: walk on water, magic resistance 1
a: Smiting, Recall Orcish Followers, Give Item to Named Follower, Renounce
Religion


You were on level 11 of the Dungeon.
You worshipped Beogh.
Beogh was extremely pleased with you.
You were very hungry.

You visited 1 branch of the dungeon, and saw 11 of its levels.
You also visited: Bailey.

You collected 1923 gold pieces.

Inventory:

Hand Weapons
 a - a +1 trident (weapon)
 p - a cursed -3 glaive
Missiles
 l - 9 throwing nets
 v - 3 javelins (quivered)
 C - 2 silver tomahawks
 D - 8 tomahawks
Armour
 c - a +0 shield (worn)
 w - a +0 cloak (worn)
 I - a +0 plate armour (worn)
 N - a +2 hat (worn)
Jewellery
 e - an uncursed ring of fire
 B - an uncursed ring of fire
 K - an uncursed ring of positive energy {unknown}
Wands
 r - a wand of polymorph (11/24)
 z - a wand of teleportation (4/9)
 E - a wand of slowing (37/48)
Scrolls
 d - 2 scrolls of recharging
 n - 4 scrolls of remove curse
 u - 2 scrolls of noise {unknown}
 x - a scroll of silence {unknown}
 y - 2 scrolls of teleportation
 F - a scroll of identify
 J - a scroll of brand weapon {unknown}
 L - a scroll of magic mapping {unknown}
Potions
 b - a potion of mutation
 g - 3 potions of brilliance
 i - a potion of cancellation
 j - 5 potions of curing
 k - 2 potions of agility {unknown}
 o - a potion of haste
 q - a potion of degeneration
 s - a potion of magic
 t - a potion of heal wounds
 A - a potion of might
 G - a potion of berserk rage {unknown}
Books
 M - a book of the Tempests

   Spells                             Type                      Level
   a - Static Discharge               Conjuration/Air              3
   b - Lightning Bolt                 Conjuration/Air              5
   c - Fireball                       Conjuration/Fire             5
   d - Tornado                        Air                          9
   e - Shatter                        Earth                        9
Comestibles
 f - 6 bread rations
 h - 6 slices of pizza
 m - 6 meat rations
 H - 12 fruits


   Skills:
 + Level 9.6 Fighting
 * Level 15.8 Polearms
 + Level 5.1 Armour
 + Level 6.0 Shields


You had 10 spell levels left.
You didn't know any spells.

Dungeon Overview and Level Annotations

Branches:
Dungeon (11/15)            Temple (0/1) D:4            Lair (0/8) D:10
    Orc: D:9-12

Altars:
Ashenzari
Dithmenos
Gozag
Kikubaaqudgha
Nemelex Xobeh
Okawaru
Qazlal
Sif Muna
Trog
Vehumet
Yredelemnul
The Shining One

Annotations:
D:11 Snorg


Innate Abilities, Weirdness & Mutations

You can walk on water.
You are resistant to hostile enchantments.


Message History

Korbok hits Snorg from afar with a halberd!
Unknown command.
You hit Snorg.
Snorg is lightly wounded.
Snorg bites you. Snorg claws you but does no damage. Snorg claws you.
Unknown command.
Unknown command.
You puncture Snorg!
Snorg is lightly wounded.
Korbok hits Snorg from afar with a halberd!!
You block Snorg's attack. Snorg claws you but does no damage. x2
Unknown command.
You closely miss Snorg.
Snorg is moderately wounded.
Snorg bites you!!
* * * LOW HITPOINT WARNING * * *
Snorg claws you!
* * * LOW HITPOINT WARNING * * *
Snorg claws you!
You die...

####### .....<# #####.#
....#.# #. ###.#.# #.
###.#.# #. ##..#.# #.
..#o..# ###.####### #+##
.###.## #....o@TYY# #...##
#.#.## #.#...###.##.Y.Y.#
.#.## #.##..# #.#.......
...########.#...###.YY......
............................
...##########...####...(....
.### ##..# ##....... ## ##.#
#.....# # #.# #...##


You could see Snorg (berserk), 2 yaks and the friendly Korbok the orc warrior.

Vanquished Creatures
  A hydra (D:7)
  Erica (D:8)
  An unseen horror (D:10)
  A deep elf mage (D:10)
  The ghost of DEFE the Sneak, a novice DEFi of Kikubaaqudgha (D:10)
  Grinder (D:3)
  A two-headed ogre (D:8)
  A wyvern (D:10)
  A wraith (D:8)
  Eustachio (D:6)
  8 yaks
  A hungry ghost (D:8)
  An orc warrior (D:6)
  2 sky beasts
  3 ice beasts
  2 black bears (D:6)
  A necrophage (D:8)
  5 ogres
  4 centaurs
  4 big kobolds
  A crocodile (D:8)
  8 gnoll sergeants (Bailey)
  2 giant frogs
  4 scorpions
  4 wights (D:10)
  6 killer bees
  2 howler monkeys (D:8)
  A crimson imp (D:10)
  A wasp zombie (D:10)
  A giant frog zombie (D:5)
  3 quasits
  3 jellies
  Crazy Yiuf (D:4)
  6 gnoll shamans (Bailey)
  4 hounds
  3 orc priests
  11 orc wizards
  A giant frog skeleton (D:5)
  5 iguanas
  8 worker ants
  2 sheep
  Robin (D:3)
  15 gnolls
  16 adders
  11 shadow imps
  4 oozes
  An adder skeleton (D:9)
  An adder zombie (D:5)
  3 worms
  5 dart slugs
  A giant gecko (D:1)
  32 orcs
  6 bats
  3 giant cockroaches
  13 goblins
  12 hobgoblins
  3 jackals (D:10)
  15 kobolds
  7 quokkas
  2 ball pythons (D:5)
  A giant gecko skeleton (D:7)
  2 giant newts
  A quokka zombie (D:8)
  16 rats
289 creatures vanquished.

Vanquished Creatures (collateral kills)
  A komodo dragon (D:10)
  A yak (D:11)
  An orc warrior (D:9)
  A necrophage (D:11)
  An ogre (D:9)
  2 sky beasts
  A wight (D:10)
  A crimson imp (D:11)
  2 orc wizards
  An adder (D:10)
  A kobold (D:10)
13 creatures vanquished.

Vanquished Creatures (others)
  A human (D:3)
  2 orc priests (D:10)
  2 orc wizards (D:10)
  9 orcs
  28 plants
42 creatures vanquished.

Grand Total: 344 creatures vanquished

Notes
Turn   | Place    | Note
--------------------------------------------------------------
     0 | D:1      | Moloch the Hill Orc Fighter began the quest for the Orb.
     0 | D:1      | Reached XP level 1. HP: 19/19 MP: 1/1
   320 | D:1      | Reached skill level 3 in Polearms
   320 | D:1      | Reached XP level 2. HP: 15/26 MP: 2/2
   536 | D:1      | Reached XP level 3. HP: 31/31 MP: 3/3
   752 | D:1      | Reached skill level 4 in Polearms
  1347 | D:2      | Reached XP level 4. HP: 39/39 MP: 4/4
  1519 | D:2      | Found a shadowy altar of Dithmenos.
  1562 | D:2      | Reached skill level 5 in Polearms
  1667 | D:2      | You fall through a shaft!
  1708 | D:3      | Reached XP level 5. HP: 29/45 MP: 5/5
  1785 | D:3      | Noticed Robin
  1845 | D:3      | Killed Robin
  2174 | D:3      | Reached skill level 6 in Polearms
  2189 | D:3      | Found an ancient bone altar of Kikubaaqudgha.
  2236 | D:3      | Noticed Grinder
  2255 | D:3      | Killed Grinder
  2255 | D:3      | Reached skill level 7 in Polearms
  2255 | D:3      | Reached XP level 6. HP: 14/51 MP: 6/6
  2416 | D:3      | Noticed a human
  2417 | D:3      | Killed a human
  2528 | D:4      | Became a worshipper of Beogh the Brigand
  2640 | D:4      | Reached skill level 8 in Polearms
  2640 | D:4      | Reached XP level 7. HP: 51/57 MP: 7/7
  2707 | D:4      | Found a bloodstained altar of Trog.
  2838 | D:4      | Noticed Crazy Yiuf
  2850 | D:4      | Killed Crazy Yiuf
  2963 | D:4      | Found a staircase to the Ecumenical Temple.
  3349 | D:5      | Entered Level 5 of the Dungeon
  3397 | D:5      | Reached skill level 9 in Polearms
  3729 | D:5      | Reached * piety under Beogh
  3729 | D:5      | Reached XP level 8. HP: 56/66 MP: 8/8
  3884 | D:5      | Reached skill level 10 in Polearms
  4445 | D:6      | Found an opulent altar of Gozag.
  4445 | D:6      | Found a shattered altar of Ashenzari.
  4446 | D:6      | Found a stormy altar of Qazlal.
  4446 | D:6      | Found an ancient bone altar of Kikubaaqudgha.
  4446 | D:6      | Found an iron altar of Okawaru.
  4446 | D:6      | Found a sparkling altar of Nemelex Xobeh.
  4447 | D:6      | Found a deep blue altar of Sif Muna.
  4758 | D:6      | Reached skill level 11 in Polearms
  4887 | D:6      | Noticed Eustachio
  5044 | D:6      | Killed Eustachio
  5184 | D:6      | Reached XP level 9. HP: 65/72 MP: 9/9
  5200 | D:6      | Reached ** piety under Beogh
  5383 | D:7      | Reached skill level 12 in Polearms
  5447 | D:7      | Reached skill level 5 in Fighting
  5970 | D:7      | Gained mutation: You are resistant to hostile enchantments. [mutagenic meat]
  6142 | D:8      | Noticed Erica
  6823 | D:8      | Reached skill level 13 in Polearms
  6919 | D:8      | Noticed a two-headed ogre
  6933 | D:8      | Killed a two-headed ogre
  7227 | D:8      | Reached *** piety under Beogh
  7290 | D:8      | Killed Erica
  7290 | D:8      | Reached skill level 14 in Polearms
  7290 | D:8      | Reached XP level 10. HP: 21/86 MP: 10/10
  7633 | D:8      | Noticed a three-headed hydra
  7661 | D:7      | Killed a three-headed hydra
  8935 | D:8      | Found a radiant altar of Vehumet.
  9010 | D:9      | Found a glowing golden altar of the Shining One.
  9011 | D:9      | Found a basalt altar of Yredelemnul.
  9017 | D:9      | Found a flagged portal.
  9026 | Bailey   | Entered a bailey
  9417 | Bailey   | Reached skill level 15 in Polearms
  9482 | Bailey   | Reached **** piety under Beogh
  9660 | Bailey   | Reached skill level 5 in Shields
  9750 | D:9      | Reached XP level 11. HP: 74/95 MP: 11/11
 10170 | D:9      | Noticed a profane servitor
 10178 | D:9      | Noticed an angel
 10193 | D:10     | Entered Level 10 of the Dungeon
 10604 | D:10     | Noticed a deep elf mage
 10852 | D:10     | Noticed DEFE's ghost (novice DEFi)
 11411 | D:10     | Killed an unseen horror
 11446 | D:9      | Gained Bladwarg as an ally
 11626 | D:10     | Your ally Bladwarg died
 11668 | D:10     | Killed DEFE's ghost
 12120 | D:10     | Reached ***** piety under Beogh
 12329 | D:10     | Found a staircase to the Lair.
 12627 | D:10     | Killed a deep elf mage
 12627 | D:10     | Gained Korbok as an ally
 12627 | D:10     | Reached skill level 5 in Armour
 13173 | D:11     | Noticed Snorg
 13195 | D:11     | Slain by Snorg

Skill      XL: |  1  2  3  4  5  6  7  8  9 10 11 |
---------------+----------------------------------+-----
Polearms       | 3 4 5 7 8 9 11 14 15 | 15.8
Fighting       | 4 7 8 9 |  9.6
Shields        | 5 6 |  6.0
Armour         | 5 |  5.1

Action                   |  1- 3 |  4- 6 |  7- 9 | 10-12 || total
-------------------------+-------+-------+-------+-------++-------
Melee: Trident           |   132 |   228 |   573 |   755 ||  1688
Throw: Javelin           |       |       |     1 |       ||     1
Invok: Convert to Beogh  |       |     1 |       |       ||     1
Evoke: Wand              |       |       |     5 |       ||     5
  Use: Potion            |       |     1 |     4 |     6 ||    11
       Scroll            |       |       |     6 |    10 ||    16
 Stab: Invisible         |       |       |     2 |     2 ||     4
       Distracted        |       |       |       |     1 ||     1
  Eat: Chunk             |     2 |     4 |    17 |    13 ||    36
       Beef jerky        |       |       |       |     2 ||     2
       Pizza             |       |       |       |     3 ||     3
Armor: Scale mail        |    19 |       |       |       ||    19
       Chain mail        |    52 |   116 |   172 |    19 ||   359
       Plate armour      |       |       |       |   245 ||   245
       Skin              |       |       |       |    15 ||    15
Dodge: Dodged            |    27 |    41 |    76 |    57 ||   201
Block: Shield            |    88 |   104 |   139 |   250 ||   581
